 Dungeon Crawl Stone Soup version 0.27-a0-25-g087482e4d5 (webtiles) character file.

Game seed: 1354978922751818496

3267 Conn the Firebug (level 10, -3/94 HPs)
             Began as an Octopode Fire Elementalist on Jan 3, 2021.
             Was a Believer of Sif Muna.
             Slain by Snorg (13 damage)
             ... on level 10 of the Dungeon.
             The game lasted 00:28:36 (9890 turns).

Conn the Firebug (Octopode Fire Elementalist)       Turns: 9890, Time: 00:28:37

Health: -3/94      AC:  1    Str:  8    XL:     10   Next: 0%
Magic:  0/19       EV: 14    Int: 20    God:    Sif Muna [**....]
Gold:   278        SH:  0    Dex:  9    Spells: 2/21 levels left

rFire    . . .     SeeInvis .   t - +7 captain's cutlass {speed, disarm}
rCold    . . .     Faith    .   (no shield)
rNeg     . . .     Spirit   +   (helmet restricted)
rPois    .         Reflect  .   x - amulet of guardian spirit
rElec    .         Harm     .   j - ring of flight
rCorr    .         Rampage  .   s - -4 ring of dexterity
Will     .....                  (no ring)
Stlth    ..........             (no ring)
HPRegen  0.25/turn              (no ring)
MPRegen  0.16/turn              (no ring)
                                (no ring)
                                (no ring)

@: mighty, berserking, very quick
A: almost no armour, stealthy swim, amphibious, 8 rings, constrict 8, camouflage
1, gelatinous body 1
a: Renounce Religion, Evoke Flight, Channel Magic


You were on level 10 of the Dungeon.
You worshipped Sif Muna.
Sif Muna was pleased with you.
You visited 1 branch of the dungeon, and saw 8 of its levels.

You collected 338 gold pieces.
You spent 60 gold pieces at shops.

Inventory:

Hand Weapons
 l - a +2 short sword of venom
 t - the +7 captain's cutlass (weapon) {speed, disarm}
   (You found it on level 5 of the Dungeon)

   Attacks with this weapon are significantly faster.
Missiles
 p - 3 curare-tipped darts (quivered)
 y - 7 poisoned darts
Jewellery
 j - a ring of flight (left tentacle)
 s - a -4 ring of dexterity (right tentacle)
 x - an amulet of guardian spirit (around mantle)
Wands
 z - a wand of flame (34)
 A - a wand of paralysis (6)
Scrolls
 a - a scroll of blinking {unknown}
 b - a scroll of noise {unknown}
 f - a scroll of random uselessness {unknown}
 g - 5 scrolls of immolation
 i - 2 scrolls of fear
 k - 6 scrolls of teleportation
 o - 2 scrolls of identify
 v - a scroll of enchant armour {unknown}
 w - 2 scrolls of remove curse
Potions
 c - a potion of magic {unknown}
 e - a potion of mutation {unknown}
 h - 3 potions of curing
 m - a potion of ambrosia {unknown}
 n - a potion of brilliance
 q - a potion of lignification {unknown}
 r - a potion of flight
 u - 2 potions of might
 B - a potion of haste {unknown}


   Skills:
 + Level 3.3 Fighting
 + Level 5.4 Short Blades
 + Level 4.3 Dodging
 + Level 6.4 Stealth
 + Level 6.2 Spellcasting
 + Level 5.3 Conjurations
 * Level 7.0 Fire Magic


You had 2 spell levels left.
You knew the following spells:

 Your Spells              Type           Power        Failure   Level
a - Foxfire               Conj/Fire      100%         1%          1
b - Conjure Flame         Conj/Fire      30%          2%          3
c - Inner Flame           Hex/Fire       20%          8%          3
d - Sticky Flame          Conj/Fire      30%          9%          4
e - Fireball              Conj/Fire      15%          22%         5
f - Sandblast             Erth           12%          11%         1
g - Call Imp              Summ           6%           16%         2

Your spell library contained the following spells:

 Spells                   Type           Power        Failure   Level
 Beastly Appendage        Tmut           12%          11%         1
 Summon Small Mammal      Summ           24%          11%         1
 Call Canine Familiar     Summ           6%           30%         3
 Summon Guardian Golem    Hex/Summ       6%           30%         3
 Summon Ice Beast         Ice/Summ       6%           71%         4
 Summon Lightning Spire   Summ/Air       6%           71%         4


Dungeon Overview and Level Annotations

Branches:
Dungeon (7/15)             Temple (0/1) D:6

Altars:
Ashenzari
Cheibriados
Dithmenos
Elyvilon
Kikubaaqudgha
Makhleb
Qazlal
Sif Muna
Trog
Vehumet
The Shining One

Shops:
D:4 (?(?

Annotations:
D:2 RETERIOR's ghost, weakling DrIE
D:10 Snorg


Innate Abilities, Weirdness & Mutations

You cannot wear most types of armour.
You are very stealthy in the water. (Stealth+)
You are amphibious.
You can wear up to eight rings at the same time.
You can use your tentacles to constrict eight enemies at once.
Your skin changes colour to match your surroundings (Stealth+).
Your rubbery body absorbs attacks. (AC +1, EV +1)


Message History

Unknown command.
Unknown command.
Unknown command.
Okay, then.
Okay, then.
Unknown command.
You puncture Snorg! Your squeeze misses Snorg.
Snorg is severely wounded.
Snorg burns!
Snorg bites you.
* * * LOW HITPOINT WARNING * * *
Snorg closely misses you. Snorg misses you.
Unknown command.
Unknown command.
Okay, then.
Unknown command.
Unknown command.
Unknown command.
A red film seems to cover your vision as you go berserk!
You feel yourself moving faster!
You feel mighty!
Snorg burns!
Snorg bites you!
You die...

#......#
#......#
#......+
#......#
#......#
#......#
##'#####
#.######
#..T@..#
########'###
#.....>....#
#...†......#
#.........)#
#..........#
#.....>....+
#..........#
#..........#


You could see Snorg (berserk, burning).

Vanquished Creatures
  Pikel (D:7)
  2 wraiths (D:7)
  Menkaure (D:5)
  2 orc warriors
  A sky beast (D:2)
  2 black bears
  3 ogres
  A lemure (D:7)
  A gnoll sergeant (D:6)
  A water moccasin skeleton (D:7)
  A scorpion (D:4)
  2 wights (D:7)
  A howler monkey (D:4)
  2 hounds
  A jelly (D:6)
  A bullfrog skeleton (D:5)
  6 orc priests
  4 human zombies (D:7)
  Jessica (D:3)
  A human skeleton (D:7)
  6 orc wizards
  10 worker ants
  A killer bee zombie (D:6)
  An ogre zombie (D:7)
  A hound zombie (D:5)
  2 hound skeletons
  2 mummies (D:7)
  10 adders
  9 gnolls
  7 river rats (D:6)
  A shadow imp (D:6)
  2 white imps
  An ooze (D:3)
  An adder zombie (D:5)
  2 adder skeletons
  4 worms
  2 dart slugs (D:1)
  4 leopard geckos
  17 orcs
  7 bats
  6 giant cockroaches
  9 goblins
  8 hobgoblins
  18 jackals
  2 quokkas
  A ball python (D:1)
  4 frilled lizards
  6 kobolds
  6 rats
185 creatures vanquished.

Vanquished Creatures (others)
  491 foxfires
491 creatures vanquished.

Grand Total: 676 creatures vanquished

Notes
Turn   | Place    | Note
-------+----------+-------------------------------------------
     0 | D:1      | Conn the Octopode Fire Elementalist began the quest for the
                  | Orb.
     0 | D:1      | Reached XP level 1. HP: 11/11 MP: 3/3
    75 | D:1      | Reached XP level 2. HP: 15/17 MP: 0/5
   564 | D:1      | Reached XP level 3. HP: 13/21 MP: 3/6
  1564 | D:2      | Found a snail-covered altar of Cheibriados.
  1616 | D:2      | Found a glowing golden altar of the Shining One.
  1629 | D:2      | Found a stormy altar of Qazlal.
  1762 | D:2      | Found a shadowy altar of Dithmenos.
  1766 | D:2      | Found a white marble altar of Elyvilon.
  1974 | D:3      | Reached XP level 4. HP: 15/27 MP: 4/8
  2334 | D:3      | Noticed Jessica
  2338 | D:3      | Killed Jessica
  2339 | D:3      | Reached XP level 5. HP: 31/31 MP: 1/9
  2422 | D:3      | Found a faded altar of an unknown god.
  2529 | D:3      | Found a runed translucent door.
  2530 | D:3      | Noticed RETERIOR's ghost (weakling DrIE)
  2765 | D:2      | Noticed a sky beast
  2773 | D:2      | Killed a sky beast
  2774 | D:2      | Reached skill level 4 in Fire Magic
  2774 | D:2      | Reached XP level 6. HP: 37/37 MP: 5/11
  3277 | D:2      | Found a broken altar of Ashenzari.
  4192 | D:4      | Reached skill level 1 in Fighting
  4192 | D:4      | Reached skill level 1 in Short Blades
  4378 | D:4      | Reached XP level 7. HP: 14/43 MP: 13/13
  4601 | D:4      | Found Orchuottia's Weapon Emporium.
  4718 | D:4      | Found Poqihyun's Magic Scroll Shop.
  4729 | D:4      | Bought a scroll of teleportation for 30 gold pieces
  4729 | D:4      | Bought a scroll of teleportation for 30 gold pieces
  4741 | D:4      | Found Fosihyugg's Antique Weapon Emporium.
  4950 | D:4      | Found Poduy's Magic Scroll Shoppe.
  4992 | D:4      | Found a bloodstained altar of Trog.
  5211 | D:4      | Found a shimmering blue altar of Sif Muna.
  5215 | D:4      | Became a worshipper of Sif Muna the Loreminder
  5227 | D:4      | Identified Sif Muna's Grimoire of the Unstable Rocks
  5233 | D:4      | Learned a level 3 spell: Conjure Flame
  5237 | D:4      | Learned a level 3 spell: Inner Flame
  5239 | D:4      | Learned a level 1 spell: Sandblast
  5244 | D:4      | Learned a level 4 spell: Sticky Flame
  5710 | D:4      | Reached skill level 5 in Fire Magic
  5939 | D:5      | Entered Level 5 of the Dungeon
  5997 | D:5      | Reached XP level 8. HP: 48/48 MP: 14/14
  5999 | D:5      | Found the +7 captain's cutlass {speed, disarm}
  6057 | D:5      | Found a radiant altar of Vehumet.
  6102 | D:5      | Noticed Menkaure
  6161 | D:6      | Reached skill level 5 in Stealth
  6214 | D:5      | Reached * piety under Sif Muna
  6790 | D:5      | Killed Menkaure
  6791 | D:5      | Reached skill level 5 in Spellcasting
  7238 | D:5      | Found a burning altar of Makhleb.
  7412 | D:5      | Learned a level 5 spell: Fireball
  8060 | D:6      | Reached XP level 9. HP: 47/55 MP: 7/17
  8307 | D:6      | Learned a level 2 spell: Call Imp
  8433 | D:6      | Found a staircase to the Ecumenical Temple.
  9270 | D:7      | Reached skill level 6 in Fire Magic
  9282 | D:7      | Reached skill level 5 in Short Blades
  9478 | D:7      | Found an ancient bone altar of Kikubaaqudgha.
  9610 | D:7      | Reached skill level 5 in Conjurations
  9698 | D:7      | Reached ** piety under Sif Muna
  9734 | D:7      | Noticed Pikel
  9751 | D:7      | Killed Pikel
  9849 | D:7      | You fall into a shaft and drop 3 floors!
  9849 | D:10     | Entered Level 10 of the Dungeon
  9874 | D:10     | Reached skill level 7 in Fire Magic
  9874 | D:10     | Reached XP level 10. HP: 59/63 MP: 16/19
  9876 | D:10     | Noticed Snorg
  9890 | D:10     | Slain by Snorg

Illustrated notes

Levels and vault maps discovered:
D:1:      minmay_arrival_shoal_huts, layout_basic, dk_noncrumbling_2
D:2:      layout_loops_corners, lemuel_crystal_altar,
          nicolae_qazlal_general_emergency, nicolae_overflow_hidden_temple,
          minitemple, lemuel_doored_altar
D:3:      layout_loops_ring, ebering_ghost_inner_flame,
          chequers_ecumenical_altar_island, uniq_jessica
D:4:      cheibrodos_quashed, layout_gridville,
          nzn_overflow_gifts_of_might_and_magic, serial_shops, shop,
          shop_fountains, nicolae_shop_behind_doors, shop
D:5:      layout_rooms, kennysheep_mini_moat, fiery_altar_vehumet,
          kennysheep_opposing_triangles, uniq_menkaure
D:6:      layout_cave_pools, minmay_temple_entry_glassed_door,
          serial_co_window_serial, co_window_paths_a, co_window_paths_a,
          co_window_paths_a, co_window_paths_b, co_window_corner_a,
          co_window_of_opportunity_a, co_window_corner_a, co_window_broadway_c,
          co_window_unsneaky_path_c, co_window_broadway_b, co_window_broadway_c,
          co_window_corner_cb, co_window_paths_e, glass_columns_b,
          lightli_sewer_entry_pipes
D:7:      layout_basic, lemuel_mausoleum_altar_kikubaaqudgha, tso_metal_star,
          uniq_pikel, uniq_maggie
D:10:     layout_roguey, serial_shops, nicolae_shop_trees, uniq_snorg,
          uniq_maurice

Skill      XL: |  1  2  3  4  5  6  7  8  9 |
---------------+----------------------------+-----
Stealth        | 3 4 5 6 |  6.4
Spellcasting   | 3 4 5 6 |  6.2
Conjurations   | 2 3 4 5 |  5.3
Fire Magic     | 4 5 7 |  7.0
Fighting       | 1 2 3 |  3.3
Short Blades   | 1 2 4 5 |  5.4
Dodging        | 3 4 |  4.3

Action                   |  1- 3 |  4- 6 |  7- 9 | 10-12 || total
-------------------------+-------+-------+-------+-------++-------
Melee: Unarmed           |     3 |       |       |       ||     3
       Tentacles         |     5 |     3 |    20 |       ||    28
       Short sword       |    23 |    32 |    33 |       ||    88
       Constrict         |    10 |     8 |    36 |       ||    54
       Cutlass           |       |       |   157 |     3 ||   160
 Cast: Foxfire           |    53 |    66 |   151 |       ||   270
       Conjure Flame     |       |       |     7 |       ||     7
       Sticky Flame      |       |       |       |     1 ||     1
  Use: Scroll            |       |     3 |     3 |       ||     6
       Potion            |       |     1 |     4 |     1 ||     6
 Stab: Sleeping          |       |     1 |    12 |     1 ||    14
Armor: Skin              |     4 |     3 |    14 |       ||    21
Dodge: Dodged            |    38 |    54 |   114 |     5 ||   211

Table legend: (Time is in decaauts)
 A = Elapsed time spent in this place.
 B = Non-inter-level travel time spent in this place.
 C = Inter-level travel time spent in this place.
 D = Time resting spent in this place.
 E = Time spent auto-exploring this place.
 F = Levels seen in this place.
 G = Mean time per level.
                   A        B        C        D        E       F      G
               +--------+--------+--------+--------+--------+-----+--------+
         Total |   9859 |   9681 |    178 |   1753 |   5573 |   8 | 1232.4 |
       Dungeon |   9859 |   9681 |    178 |   1753 |   5573 |   8 | 1232.4 |
               +--------+--------+--------+--------+--------+-----+--------+

Top non-repeatable levels by time:
     D:4: 1976 daAuts
     D:6: 1568 daAuts
     D:5: 1374 daAuts
     D:1: 1331 daAuts
     D:2: 1323 daAuts
     D:3: 1310 daAuts
     D:7: 935 daAuts
    D:10: 37 daAuts
